 Seeded DCSS version 0.31-a0-229-g1fc7ce93e2 (webtiles) character file.

Game seed: 13275427502194390118 (custom seed)

203 rocky1 the Grasshopper (level 5, 0/64 HPs)
             Began as a Gnoll Warper on July 7, 2023.
             Slain by an orc
             ... wielding a +0 hand axe
              (7 damage)
             ... on level 4 of the Dungeon.
             The game lasted 00:04:22 (2403 turns).

rocky1 the Grasshopper (Gnoll Warper)               Turns: 2403, Time: 00:04:23

Health: 0/64       AC:  3    Str: 16    XL:     5   Next: 81%
Magic:  12/12      EV: 13    Int: 15    God:
Gold:   154        SH:  0    Dex: 11    Spells: 12/14 levels left

rFire   + . .        a - +0 falchion
rCold   + . .        (no shield)
rNeg    . . .        b - +0 leather armour
rPois   +            (no helmet)
rElec   +            (no cloak)
rCorr   +            (no gloves)
SInv    .            (no boots)
Will    .....        (no amulet) Stlth
                     e - +6 ring of strength
HPRegen 0.30/turn    (no ring)
MPRegen 0.13/turn

%: no passive effects
@: berserking, resistant, very quick
A: fangs 1, strong nose, distributed training
a: no special abilities


You were on level 4 of the Dungeon.
You visited 1 branch of the dungeon, and saw 4 of its levels.

You collected 154 gold pieces.

Inventory:

Hand Weapons
 a - a +0 falchion (weapon)
Missiles
 d - 7 boomerangs of dispersal
 g - 3 boomerangs
 h - 4 javelins
 k - 6 poisoned darts (quivered)
Armour
 b - a +0 leather armour (worn)
 o - a +0 robe of resistance
Jewellery
 e - a +6 ring of strength (left hand)
Scrolls
 c - a scroll of blinking
 f - a scroll of teleportation {unknown}
 i - a scroll of summoning {unknown}
 j - a scroll of silence {unknown}
 l - 2 scrolls of fear {unknown}
 n - a scroll of fog {unknown}
Potions
 m - 3 potions of enlightenment {unknown}
 p - 2 potions of mutation {unknown}
 q - a potion of heal wounds {unknown}
 s - a potion of curing


   Skills:
 + Level 4.9 Fighting
 + Level 1.7 Short Blades
 + Level 4.9 Long Blades
 + Level 1.7 Axes
 + Level 1.7 Maces & Flails
 + Level 1.7 Polearms
 + Level 1.7 Staves
 + Level 1.7 Ranged Weapons
 + Level 3.1 Throwing
 + Level 3.1 Armour
 + Level 4.9 Dodging
 + Level 1.7 Stealth
 + Level 1.7 Shields
 + Level 1.7 Unarmed Combat
 + Level 5.3 Spellcasting
 + Level 1.3 Conjurations
 + Level 1.3 Hexes
 + Level 1.3 Summonings
 + Level 1.3 Necromancy
 + Level 5.6 Translocations
 + Level 1.3 Transmutations
 + Level 1.3 Fire Magic
 + Level 1.3 Ice Magic
 + Level 1.3 Air Magic
 + Level 1.3 Earth Magic
 + Level 1.3 Poison Magic
 + Level 2.0 Invocations
 + Level 1.7 Evocations


You had 12 spell levels left.
You knew the following spells:

 Your Spells              Type           Power      Damage    Failure   Level
a - Blink                 Tloc           40%        N/A       2%          2

Your spell library contained the following spells:

 Spells                   Type           Power      Damage    Failure   Level
 Lesser Beckoning         Tloc           40%        N/A       2%          2
 Teleport Other           Tloc           20%        N/A       5%          3
 Vhi's Electric Charge    Tloc/Air       28%        N/A       14%         3
 Manifold Assault         Tloc           20%        N/A       19%         4
 Ozocubu's Armour         Ice            8%         N/A       32%         3
 Metabolic Englaciation   Hex/Ice        4%         N/A       96%         5
 Simulacrum               Ice/Necr       4%         N/A       100%        6
 Ozocubu's Refrigeration  Ice            4%         4d8       100%        7
 Polar Vortex             Ice            4%         N/A       100%        9


Dungeon Overview and Level Annotations

Branches:
Dungeon (4/15)
 Temple: D:4-7

Altars:
Nemelex Xobeh
The Shining One

Shops:
D:1 :==[


Innate Abilities, Weirdness & Mutations

You have very sharp teeth.
Your uncanny sense of smell can sniff out nearby items.
Your experience applies equally to all skills.


Message History

You hear some strange, mumbled words.
A magic dart appears from out of thin air!
The magic dart hits you!
* * * LOW HITPOINT WARNING * * *
It was a potion of curing.
You feel better. Something hits you.
* * * LOW HITPOINT WARNING * * *
Unknown command.
It was a potion of berserk rage.
A red film seems to cover your vision as you go berserk!
You feel yourself moving faster!
You feel mighty! Something hits you but does no damage.
You slash something!
Reactivating autopickup.
You feel a bit more experienced.
Your Invocations skill increases to level 2!
The orc priest jeers loudly, as Orcs often do.
The orc priest hits you with a +0 dagger.
* * * LOW HITPOINT WARNING * * *
The orc hits you with a +0 hand axe.
* * * LOW HITPOINT WARNING * * *
Things that are here:
a +0 dagger; a +0 robe You hit the orc.
The orc is heavily wounded.
The orc priest barely misses you. The orc hits you with a +0 hand axe.
* * * LOW HITPOINT WARNING * * *
You hit the orc but do no damage.
The orc is heavily wounded.
You closely miss the orc.
The orc is heavily wounded.
The orc priest barely misses you. The orc completely misses you.
You barely miss the orc.
The orc is heavily wounded.
The orc priest hits you with a +0 dagger.
* * * LOW HITPOINT WARNING * * *
The orc barely misses you.
You hit the orc.
The orc is almost dead.
The orc priest barely misses you. The orc hits you with a +0 hand axe!
You die...

∆ ### ...# #.<.#
#..o.# ##...#
.###########....#
........)@o....#
..########o..8.#
##....## ##....#
##...## #....# ∆
##.<.# #...#
#####


You could see an orc priest and an orc.

Vanquished Creatures
  Jessica (D:2)
  An orc wizard (D:4)
  Natasha (thrice) (D:2)
  2 adders
  2 worms
  A dart slug (D:2)
  2 orcs (D:4)
  6 bats
  5 endoplasms
  2 giant cockroaches (D:1)
  5 goblins
  A hobgoblin (D:3)
  5 kobolds
  4 quokkas
  3 ball pythons
  2 frilled lizards
  5 rats
50 creatures vanquished.

Notes
Turn   | Place    | Note
-------+----------+-------------------------------------------
     0 | D:1      | rocky1 the Gnoll Warper began the quest for the Orb.
     0 | D:1      | Reached XP level 1. HP: 20/20 MP: 6/6
    11 | D:1      | Found Onlezats's Jewellery Emporium.
   154 | D:1      | Found Saufiugh's Armour Emporium.
   160 | D:1      | Reached XP level 2. HP: 25/26 MP: 7/7
   188 | D:1      | Found Obocek's Jewellery Boutique.
   422 | D:1      | Found Zyuqykanwy's Book Shop.
   609 | D:1      | Learned a level 2 spell: Blink
   907 | D:2      | Noticed Jessica
   915 | D:2      | Killed Jessica
   916 | D:2      | Reached skill level 5 in Spellcasting
   916 | D:2      | Reached skill level 1 in Invocations
   916 | D:2      | Reached XP level 3. HP: 20/31 MP: 7/9
   918 | D:2      | Reached skill level 1 in Short Blades
   918 | D:2      | Reached skill level 1 in Axes
   918 | D:2      | Reached skill level 1 in Maces & Flails
   918 | D:2      | Reached skill level 1 in Polearms
   918 | D:2      | Reached skill level 1 in Staves
   918 | D:2      | Reached skill level 1 in Ranged Weapons
   918 | D:2      | Reached skill level 1 in Stealth
   918 | D:2      | Reached skill level 1 in Shields
   918 | D:2      | Reached skill level 1 in Unarmed Combat
   918 | D:2      | Reached skill level 1 in Evocations
   922 | D:2      | You fall into a shaft and drop 1 floor!
  1024 | D:3      | Found a sparkling altar of Nemelex Xobeh.
  1074 | D:2      | Reached XP level 4. HP: 9/38 MP: 11/11
  1294 | D:2      | Noticed Natasha
  1312 | D:2      | Killed Natasha
  1313 | D:2      | Reached skill level 1 in Conjurations
  1313 | D:2      | Reached skill level 1 in Hexes
  1313 | D:2      | Reached skill level 1 in Summonings
  1313 | D:2      | Reached skill level 1 in Necromancy
  1313 | D:2      | Reached skill level 1 in Transmutations
  1313 | D:2      | Reached skill level 1 in Fire Magic
  1313 | D:2      | Reached skill level 1 in Ice Magic
  1313 | D:2      | Reached skill level 1 in Air Magic
  1313 | D:2      | Reached skill level 1 in Earth Magic
  1313 | D:2      | Reached skill level 1 in Poison Magic
  1355 | D:2      | Noticed Natasha
  1433 | D:2      | Killed Natasha
  1435 | D:2      | Reached XP level 5. HP: 19/43 MP: 12/12
  1521 | D:2      | Noticed Natasha
  1524 | D:2      | Found a glowing golden altar of the Shining One.
  1527 | D:2      | Killed Natasha
  1632 | D:2      | Found a faded altar of an unknown god.
  2403 | D:4      | Slain by an orc

Illustrated notes

Levels and vault maps discovered:
D:1:      erik_arrival_blinker_ship, layout_loops_ring, serial_shops, shop,
          shop, shop, nicolae_shop_rolling_square
D:2:      layout_rooms, ebering_ecumenical_altar_hall, basic_altar,
          uniq_natasha, uniq_jessica
D:3:      layout_loops_ring, mainiacjoe_overflow_cross_hatched
D:4:      layout_basic, fedhas_altar_2, minmay_temple_entry_ruins,
          cheibrodos_sewer_entry_sluice, grunt_ministairs_12, uniq_duvessa

Skill      XL: |  1  2  3  4  5 |
---------------+----------------+-----
Spellcasting   | 5 |  5.3
Invocations    | 1 2 |  2.0
Short Blades   | 1 |  1.7
Axes           | 1 |  1.7
Maces & Flails | 1 |  1.7
Polearms       | 1 |  1.7
Staves         | 1 |  1.7
Ranged Weapons | 1 |  1.7
Stealth        | 1 |  1.7
Shields        | 1 |  1.7
Unarmed Combat | 1 |  1.7
Evocations     | 1 |  1.7
Conjurations   | 1 |  1.3
Hexes          | 1 |  1.3
Summonings     | 1 |  1.3
Necromancy     | 1 |  1.3
Transmutations | 1 |  1.3
Fire Magic     | 1 |  1.3
Ice Magic      | 1 |  1.3
Air Magic      | 1 |  1.3
Earth Magic    | 1 |  1.3
Poison Magic   | 1 |  1.3
Throwing       | 3 |  3.1
Armour         | 3 |  3.1
Fighting       | |  4.9
Long Blades    | |  4.9
Dodging        | |  4.9
Translocations | |  5.6

Action                     |  1- 3 |  4- 6 || total
---------------------------+-------+-------++-------
  Melee: Falchion          |    71 |   112 ||   183
         Bite              |     3 |     9 ||    12
         Punch             |       |     3 ||     3
  Throw: Dart              |     6 |       ||     6
   Cast: Blink             |     1 |       ||     1
    Use: Potion            |       |     3 ||     3
   Stab: Sleeping          |       |     3 ||     3
 Armour: Leather armour    |    28 |    18 ||    46
  Dodge: Dodged            |    71 |    68 ||   139

Table legend: (Time is in decaauts)
 A = Elapsed time spent in this place.
 B = Non-inter-level travel time spent in this place.
 C = Inter-level travel time spent in this place.
 D = Time resting spent in this place.
 E = Time spent auto-exploring this place.
 F = Levels seen in this place.
 G = Mean time per level.
                   A        B        C        D        E       F      G
               +--------+--------+--------+--------+--------+-----+--------+
         Total |   2419 |   2316 |    103 |    624 |   1207 |   4 |  604.8 |
       Dungeon |   2419 |   2316 |    103 |    624 |   1207 |   4 |  604.8 |
               +--------+--------+--------+--------+--------+-----+--------+

Top non-repeatable levels by time:
     D:1: 878 daAuts
     D:3: 758 daAuts
     D:2: 743 daAuts
     D:4: 39 daAuts
